 Dungeon Crawl Stone Soup version 0.29-a0-486-ga88943ba61 (webtiles) character file.

Game seed: 14694308695946096528

20 Morbidden the Digger (level 2, -8/24 HPs)
             Began as a Troll Earth Elementalist on May 26, 2022.
             Mangled by a gnoll
             ... wielding a +2 flail of protection
              (14 damage)
             ... on level 1 of the Dungeon.
             The game lasted 00:00:34 (757 turns).

Morbidden the Digger (Troll Earth Elementalist)      Turns: 757, Time: 00:00:35

Health: -8/24      AC:  4    Str: 15    XL:     2   Next: 58%
Magic:  3/3        EV:  9    Int: 11    God:
Gold:   8          SH:  0    Dex: 10    Spells: 2/3 levels left

rFire   . . .      SeeInvis .   (no weapon)
rCold   . . .      Faith    .   (no shield)
rNeg    . . .      Spirit   .   b - +0 robe
rPois   .          Reflect  .   (helmet restricted)
rElec   .          Harm     .   (no cloak)
rCorr   .          Rampage  .   (gloves unavailable)
Will    .....                   (boots unavailable)
Stlth   +.........              (no amulet)
HPRegen 0.88/turn               (no ring)
MPRegen 0.08/turn               (no ring)

@: no status effects
A: large, unfitting armour, claws 3, regeneration 1, shaggy fur 1, tough skin 1
a: no special abilities


You were on level 1 of the Dungeon.
You visited 1 branch of the dungeon, and saw 1 of its levels.

You collected 8 gold pieces.

Inventory:

Missiles
 a - 77 stones
Armour
 b - a +0 robe (worn)
Scrolls
 d - a scroll of brand weapon {unknown}
 e - a scroll of identify {unknown}
Potions
 c - 2 potions of magic


   Skills:
 * Level 1.6 Dodging
 + Level 1.1 Stealth
 * Level 1.4 Spellcasting
 * Level 0.6 Transmutations
 * Level 3.3 Earth Magic


You had 2 spell levels left.
You knew the following spells:

 Your Spells              Type           Power      Damage    Failure   Level
a - Sandblast             Erth           16%        2d6       8%          1

Your spell library contained the following spells:

 Spells                   Type           Power      Damage    Failure   Level
 Passwall                 Tmut/Erth      4%         N/A       22%         2
 Stone Arrow              Conj/Erth      8%         3d7       43%         3
 Petrify                  Tmut/Erth      5%         N/A       80%         4


Dungeon Overview and Level Annotations

Branches:
Dungeon (1/15)

Altars:


Innate Abilities, Weirdness & Mutations

You are too large for most types of armour.
You have claws for hands.
Your natural rate of healing is unusually fast.
You are covered in fur. (AC +1)
You have tough skin. (AC +1)


Message History

a rat corpse; a hobgoblin corpse No target in view!
No target in view!
Key pressed, stopping explore.
No target in view!
Key pressed, stopping explore.
No target in view!
Key pressed, stopping explore.
No target in view!
No target in view!
Key pressed, stopping explore.
No target in view!
A gnoll comes into view.
It is wielding a +2 flail of protection.
A jackal comes into view.
A jackal comes into view.
The jackal barks!
There are monsters nearby!
The jackal barks!
You scratch the gnoll but do no damage.
The gnoll hits you with a +2 flail of protection!
You scratch the gnoll but do no damage.
The gnoll hits you with a +2 flail of protection.
There are monsters nearby!
You are too injured to fight recklessly!
You are too injured to fight recklessly!
You are too injured to fight recklessly!
Unknown command.
The gnoll attacks as you move away! The gnoll completely misses you.
The jackal attacks as you move away!
The jackal bites you but does no damage.
Unknown command.
You scratch the gnoll but do no damage.
The gnoll hits you with a +2 flail of protection!
* * * LOW HITPOINT WARNING * * *
Unknown command.
You scratch the gnoll.
The gnoll is moderately wounded.
The gnoll hits you with a +2 flail of protection!
Ouch! That really hurt!
You die...

#.# #.# #.#
#.# #.# #.#
#.# #.# #@#
#g#
#....h.......
#.####.......
.......
.......
.......
.......
.......


You could see a gnoll and a jackal.

Vanquished Creatures
  A ball python (D:1)
  An endoplasm (D:1)
  3 giant cockroaches (D:1)
  2 hobgoblins (D:1)
  4 quokkas (D:1)
  A bat (D:1)
  2 kobolds (D:1)
  3 rats (D:1)
17 creatures vanquished.

Notes
Turn   | Place    | Note
-------+----------+-------------------------------------------
     0 | D:1      | Morbidden the Troll Earth Elementalist began the quest for
                  | the Orb.
     0 | D:1      | Reached XP level 1. HP: 16/16 MP: 1/1
   104 | D:1      | Reached skill level 3 in Earth Magic
   104 | D:1      | Reached XP level 2. HP: 23/24 MP: 0/3
   757 | D:1      | Mangled by a gnoll

Illustrated notes

Levels and vault maps discovered:
D:1:      dpeg_arrival_water_temple_mockup, layout_basic

Skill      XL: |  1 |
---------------+----+-----
Earth Magic    | 3 |  3.3
Dodging        | |  1.6
Stealth        | |  1.1
Spellcasting   | |  1.4
Transmutations | |  0.6

Action                   || total
-------------------------++-------
Melee: Unarmed           ||    47
       Punch             ||     1
 Cast: Sandblast         ||     4
 Stab: Sleeping          ||     1
Armor: Robe              ||    17
Dodge: Dodged            ||    23

Table legend: (Time is in decaauts)
 A = Elapsed time spent in this place.
 B = Non-inter-level travel time spent in this place.
 C = Inter-level travel time spent in this place.
 D = Time resting spent in this place.
 E = Time spent auto-exploring this place.
 F = Levels seen in this place.
 G = Mean time per level.
                   A        B        C        D        E       F      G
               +--------+--------+--------+--------+--------+-----+--------+
         Total |    757 |    757 |      0 |      0 |    657 |   1 |  757.0 |
       Dungeon |    757 |    757 |      0 |      0 |    657 |   1 |  757.0 |
               +--------+--------+--------+--------+--------+-----+--------+

Top non-repeatable levels by time:
     D:1: 757 daAuts
